Map: Ruines de Seras

Players

AcerBly (Bly)

  • Race: Zerg Zerg

puCK (Nina) - Winner!

  • Race: Protoss Protoss

Event: NationWars III

VOD

Have the link to the VOD?

Description

Time

  • Played on: Nov. 19, 2015, 5:19 p.m.
  • Length: 14:59
Show
View Real Time Build Order
Export as new Build Order

AcerBly Zerg 

Build Orders: Hatch First, Lurkers 

Get SALT Encoding   

  12  0:01  Drone  
  13  0:12  Overlord  
  13  0:18  Drone  
  14  0:31  Drone x2  
  16  0:38  Drone  
  17  0:53  Drone  
  18  0:59  Hatchery  
  18  1:03  Drone  
  18  1:14  Spawning Pool  
  18  1:16  Drone  
  18  1:22  Drone  
  19  1:34  Drone  
  20  1:40  Overlord  
  20  1:49  Hatchery  
  19  2:01  Queen  
  19  2:05  Zergling x4  
  23  2:11  Zergling x2  
  23  2:13  Drone  
  25  2:30  Queen  
  25  2:32  Drone x2  
  25  2:36  Queen  
  29  2:37  Drone  
  29  2:41  Overlord  
  32  2:47  Drone  
  33  2:51  Drone  
  34  3:00  Drone x2  
  34  3:01  Queen  
  38  3:06  Drone x2  
  38  3:08  Extractor x2  
  38  3:12  Drone x2  
  40  3:20  Drone x3  
  40  3:25  Zergling x4  
  45  3:30  Zergling x4  
  46  3:43  Drone x3  
  45  3:58  Drone x4  
  45  4:01  Drone  
  49  4:12  Overlord x2  
  49  4:13  Lair  
  49  4:17  Extractor  
  49  4:18  Roach Warren, Extractor  
  49  4:21  Drone x3  
  49  4:27  Overlord  
  49  4:30  Metabolic Boost  
  49  4:31  Drone x6  
  53  4:34  Drone x2  
  57  4:44  Drone x6  
  63  4:52  Spine Crawler  
  62  4:57  Zergling x10  
  67  5:04  Overlord x3  
  67  5:12  Glial Reconstitution  
  67  5:22  Overseer  
  67  5:23  Roach  
  67  5:24  Roach x6  
  81  5:31  Roach x4  
  89  5:38  Overlord x3  
  89  5:43  Hydralisk Den  
  87  6:06  Zergling x22  
  87  6:11  Spine Crawler  
  97  6:12  Spine Crawler  
  97  6:14  Ravager x2  
  97  6:15  Ravager x2  
  97  6:16  Zergling x6  
  97  6:17  Zergling x6  
  106  6:19  Overlord  
  106  6:30  Overlord  
  106  6:40  Zergling x8  
  106  6:41  Zergling x6  
  106  6:42  Overlord  
  107  6:58  Roach x7  
  107  6:59  Overlord x3  
  121  7:04  Spine Crawler x2  
  121  7:06  Ravager x2  
  121  7:07  Ravager  
  117  7:32  Hydralisk x3  
  117  7:33  Hydralisk x2  
  117  7:36  Zergling x20  
  137  7:39  Queen  
  116  8:09  Roach x10  
  130  8:13  Overlord  
  130  8:16  Lurker Den  
  130  8:18  Hydralisk x2  
  127  8:21  Overlord  
  123  8:33  Zergling x8  
  123  8:34  Zergling x6  
  124  8:37  Overlord  
  124  8:38  Extractor  
  95  8:59  Roach  
  95  9:00  Roach x6  
  104  9:10  Zergling x10, Extractor  
  104  9:11  Overlord  
  106  9:21  Queen  
  111  9:26  Zergling x4  
  111  9:27  Zergling x2  
  111  9:30  Overseer  
  114  9:32  Roach x2  
  114  9:33  Roach  
  119  9:42  Lurker x3  
  119  9:43  Lurker  
  104  9:55  Roach  
  104  9:56  Roach x4  
  99  10:19  Drone x4  
  103  10:27  Spore Crawler  
  102  10:31  Hatchery, Drone x4  
  102  10:32  Drone  
  106  10:36  Queen  
  106  10:41  Spawning Pool  
  101  10:53  Hatchery  
  93  11:14  Drone x6  
  95  11:32  Overlord  
  95  11:54  Drone  
  95  11:55  Drone x5  
  95  11:57  Hatchery  
  95  12:00  Lair  
  100  12:13  Drone  
  100  12:14  Drone x4, Extractor x2  
  102  12:28  Drone x4  
  102  12:29  Drone x3  
  109  12:44  Drone x3  
  112  12:53  Roach  
  112  12:54  Roach x2  
  111  12:58  Ravager x2  
  111  12:59  Ravager x4  
  111  13:01  Spore Crawler  
  111  13:02  Spore Crawler  
  111  13:04  Hydralisk Den  
  113  13:09  Roach x2  
  113  13:10  Roach x5  
  113  13:44  Hydralisk x2  
  113  13:45  Hydralisk x6  
  113  13:48  Extractor  
  128  13:49  Spore Crawler, Extractor, Zergling x2  
  128  13:50  Zergling x10  
  117  14:16  Roach x9  
  121  14:37  Roach  
  121  14:38  Roach x6  
Show
View Real Time Build Order
Export as new Build Order

puCK Protoss - Winner!

Build Orders: Nexus First, Blink Stalkers 

Get SALT Encoding   

  12  0:01  Probe (Chrono Boost)  
  13  0:11  Probe (Chrono Boost)  
  14  0:19  Pylon  
  14  0:23  Probe (Chrono Boost)  
  15  0:37  Probe (Chrono Boost)  
  16  0:47  Probe (Chrono Boost)  
  17  0:59  Nexus  
  17  1:03  Probe (Chrono Boost)  
  18  1:13  Gateway  
  18  1:15  Probe (Chrono Boost)  
  19  1:20  Assimilator  
  19  1:26  Probe (Chrono Boost)  
  19  1:28  Assimilator  
  20  1:36  Probe (Chrono Boost)  
  21  1:40  Pylon  
  22  1:47  Probe (Chrono Boost)  
  22  1:54  Gateway  
  22  2:04  Cybernetics Core  
  22  2:08  Probe (Chrono Boost)  
  23  2:11  Probe (Chrono Boost)  
  24  2:18  Probe (Chrono Boost)  
  24  2:21  Probe (Chrono Boost)  
  26  2:29  Probe (Chrono Boost)  
  26  2:32  Probe (Chrono Boost)  
  27  2:39  Probe (Chrono Boost)  
  27  2:41  Adept x2 (Chrono Boost)  
  27  2:42  Warp Gate  
  32  2:45  Probe  
  32  2:51  Probe  
  35  3:00  Twilight Council  
  35  3:01  Mothership Core (Chrono Boost)  
  35  3:03  Probe (Chrono Boost)  
  37  3:15  Probe (Chrono Boost)  
  37  3:17  Adept  
  40  3:21  Probe (Chrono Boost)  
  40  3:26  Probe (Chrono Boost)  
  42  3:27  Gateway  
  42  3:31  Probe (Chrono Boost)  
  42  3:32  Pylon  
  43  3:35  Blink (Chrono Boost)  
  43  3:36  Probe (Chrono Boost)  
  43  3:40  Probe  
  45  3:49  Probe  
  45  3:54  Probe  
  45  4:01  Probe  
  44  4:03  Robotics Facility  
  44  4:06  Probe  
  44  4:07  Gateway  
  44  4:08  Gateway  
  45  4:13  Probe  
  45  4:16  Probe  
  47  4:24  Gateway  
  47  4:25  Probe  
  48  4:31  Probe  
  48  4:32  Gateway, Assimilator x2  
  48  4:37  Probe, Pylon  
  50  4:41  Pylon  
  51  4:46  Stalker  
  51  4:50  Observer (Chrono Boost)  
  54  4:56  Stalker  
  55  5:03  Pylon  
  55  5:06  Warp Prism (Chrono Boost)  
  55  5:09  Stalker x3  
  55  5:13  Stalker  
  65  5:20  Stalker  
  67  5:26  Stalker  
  69  5:34  Stalker  
  69  5:35  Stalker  
  73  5:36  Pylon  
  73  5:37  Pylon  
  73  5:40  Stalker  
  75  5:43  Observer  
  76  5:52  Stalker  
  76  5:55  Pylon  
  78  5:59  Stalker  
  78  6:00  Stalker x2  
  84  6:11  Pylon  
  84  6:25  Stalker x4  
  88  6:26  Stalker x2  
  88  6:32  Stalker  
  98  6:36  Pylon  
  98  6:52  Stalker x2  
  98  6:53  Stalker x3  
  98  6:54  Observer  
  104  6:59  Stalker  
  106  7:06  Stalker  
  108  7:10  Pylon  
  108  7:11  Pylon  
  108  7:17  Stalker x2  
  112  7:25  Stalker  
  114  7:31  Stalker x2  
  118  7:39  Stalker x2  
  122  7:46  Observer  
  117  8:08  Stalker x2  
  117  8:09  Stalker x5  
  127  8:27  Nexus  
  115  8:35  Stalker x3  
  109  8:49  Stalker x3  
  111  8:58  Stalker x2  
  115  9:06  Stalker  
  111  9:18  Pylon  
  111  9:19  Sentry x2  
  111  9:20  Sentry  
  117  9:46  Stalker x4  
  117  9:52  Stalker x2  
  126  9:53  Stalker  
  129  10:13  Robotics Bay  
  129  10:16  Adept  
  129  10:17  Adept  
  127  10:31  Observer  
  127  10:35  Robotics Facility  
  128  10:38  Assimilator x2  
  112  10:57  Stalker x6  
  118  11:05  Probe  
  118  11:10  Probe  
  119  11:12  Disruptor (Chrono Boost)  
  119  11:18  Probe  
  123  11:22  Probe  
  123  11:23  Probe, Disruptor (Chrono Boost)  
  124  11:29  Pylon x2  
  124  11:30  Probe  
  125  11:41  Stalker x3  
  125  11:46  Pylon  
  131  11:53  Disruptor (Chrono Boost)  
  134  11:57  Disruptor (Chrono Boost)  
  137  12:18  Nexus  
  137  12:24  Disruptor (Chrono Boost), Pylon  
  143  12:35  Adept x2  
  143  12:41  Warp Prism (Chrono Boost)  
  140  12:44  Stalker x3  
  140  12:45  Stalker  
  148  12:52  Forge  
  148  12:56  Observer (Chrono Boost)  
  149  13:05  Stalker x3  
  158  13:12  Disruptor (Chrono Boost)  
  161  13:20  Disruptor (Chrono Boost)  
  161  13:40  Disruptor (Chrono Boost)  
  157  13:47  Stalker x4  
  168  13:50  Disruptor (Chrono Boost)  
  171  14:09  Disruptor  
  166  14:15  Stalker x3  
  175  14:24  Stalker  
  181  14:46  Stalker x5  
Tags
 
Add a new tag
Caveats
  • Supply blocks, unpowered buildings, or Contaminate may cause inaccurate times.
  • Supply counts are checked every 10 seconds.